 Dungeon Crawl Stone Soup version 0.30-a0-639-g3916f1956a (webtiles) character file.

Game seed: 17873590730187518187

8068 ryw the Cleaver (level 11, -2/67 HPs)
             Began as a Gargoyle Fighter on Jan 17, 2023.
             Was an Elder of Zin.
             Killed from afar by a starcursed mass (9 damage)
             ... with an accursed screaming
             ... on level 1 of the Abyss.
             The game lasted 00:26:42 (8186 turns).

ryw the Cleaver (Gargoyle Fighter)                  Turns: 8186, Time: 00:26:43

Health: -2/67      AC: 25    Str: 24    XL:     11   Next: 25%
Magic:  14/14      EV: 12    Int:  9    God:    Zin [****..]
Gold:   499        SH:  9    Dex:  9    Spells: 10/10 levels left

rFire   + . .      SeeInvis .    v - +6 broad axe (flame)
rCold   + . .      Faith    .    x - +0 kite shield
rNeg    + . .      Spirit   .    w - +2 chain mail {rF+}
rPois   ∞          Reflect  .    D - +0 helmet
rElec   +          Harm     .    H - +0 cloak {Will+}
rCorr   .          Rampage  .    (no gloves)
Will    +....                    l - +1 pair of boots Stlth
                                 (no amulet)
HPRegen 0.31/turn                k - +5 ring of evasion
MPRegen 0.14/turn                t - ring of protection from cold

@: no status effects
A: sickness immunity, AC +8, negative energy resistance 1, electricity
resistance, torment resistance 1, petrification resistance
a: Renounce Religion, Recite, Vitalisation, Imprison, Donate Gold


You were on level 1 of the Abyss.
You worshipped Zin.
Zin was greatly pleased with you.
You visited 2 branches of the dungeon, and saw 10 of its levels.
You visited the Abyss 1 time.

You collected 1163 gold pieces.
You spent 548 gold pieces at shops.
You donated 116 gold pieces to Zin.

Inventory:

Hand Weapons
 u - a +0 broad axe
 v - a +6 broad axe of flaming (weapon)
Missiles
 e - 31 poisoned darts (quivered)
 n - 5 javelins
 C - a throwing net
Armour
 c - a +0 buckler
 l - a +1 pair of boots (worn)
 w - a +2 chain mail of fire resistance (worn)
 x - a +0 kite shield (worn)
 D - a +0 helmet (worn)
 H - a +0 cloak of willpower (worn)
Jewellery
 k - a +5 ring of evasion (left hand)
 t - a ring of protection from cold (right hand)
 B - a ring of wizardry
 G - an amulet of the acrobat
Wands
 m - a wand of iceblast (13)
 E - a wand of digging (9)
Scrolls
 a - 3 scrolls of immolation
 b - a scroll of fear
 r - 3 scrolls of identify
 y - 3 scrolls of amnesia
 z - a scroll of poison
Potions
 d - 2 potions of might
 f - 2 potions of ambrosia
 g - 4 potions of curing
 h - 3 potions of mutation
 i - 8 potions of flight
 j - a potion of attraction {unknown}
 o - 2 potions of lignification


   Skills:
 + Level 7.4 Fighting
 * Level 10.4(10.8) Axes
 - Level 3.9(7.7) Polearms
 - Level 2.0 Throwing
 + Level 7.5 Armour
 - Level 2.0 Dodging
 + Level 7.5 Shields
 - Level 5.0 Invocations


You had 10 spell levels left.
You didn't know any spells.
Your spell library contained the following spells:

 Spells                   Type           Power      Damage    Failure   Level
 Apportation              Tloc           0%         N/A       99%         1
 Necrotise                Necr           0%         1d4       99%         1
 Summon Small Mammal      Summ           0%         N/A       99%         1
 Call Canine Familiar     Summ           0%         N/A       100%        3
 Dazzling Flash           Conj/Hex       0%         N/A       100%        3
 Summon Guardian Golem    Hex/Summ       0%         N/A       100%        3
 Animate Dead             Necr           0%         N/A       100%        4
 Agony                    Necr           0%         N/A       100%        5
 Silence                  Hex/Air        0%         N/A       100%        5
 Summon Forest            Summ/Tloc      0%         N/A       100%        5
 Simulacrum               Ice/Necr       0%         N/A       100%        6
 Haunt                    Necr/Summ      0%         N/A       100%        7
 Infestation              Necr           0%         N/A       100%        8


Dungeon Overview and Level Annotations

Branches:
Dungeon (9/15)             Temple (1/1) D:4            Lair (0/5) D:9
    Orc: D:9-12

Altars:
Dithmenos
Fedhas
Gozag
Hepliaklqana
Kikubaaqudgha
Makhleb
Nemelex Xobeh
Okawaru
Qazlal
Ru
Sif Muna
Trog
Uskayaw
Vehumet
Wu Jian
Xom
Yredelemnul
Zin
The Shining One

Shops:
D:1 :**(   D:6 (

Annotations:
D:9 Erolcha


Innate Abilities, Weirdness & Mutations

You are immune to sickness and miasma.
Your stone body is resilient. (AC +8)
You are immune to poison.
You resist negative energy. (rN+)
You are resistant to electric shocks. (rElec)
You are resistant to unholy torment.
You are immune to petrification.


Message History

The spatial maelstrom attacks as you move away!
The spatial maelstrom hits you but does no damage.
The spatial maelstrom hits you!
* * * LOW HITPOINT WARNING * * *
Space warps around you.
* * * LOW HITPOINT WARNING * * *
The spatial maelstrom hits you but does no damage. x2
You feel better.
A spatial vortex comes into view.
The sixfirhy closely misses you. x2
The sixfirhy hits you but does no damage.
The spatial maelstrom attacks as you move away!
You block the spatial maelstrom's attack.
The spatial maelstrom hits you but does no damage.
The ancient zyme attacks as you move away!
The ancient zyme hits you but does no damage.
The ancient zyme hits you.
* * * LOW HITPOINT WARNING * * *
The spatial maelstrom hits you but does no damage. x2
The spatial maelstrom attacks as you move away!
The spatial maelstrom hits you but does no damage.
The spatial maelstrom closely misses you.
The spatial maelstrom hits you but does no damage.
The spatial maelstrom barely misses you.
A spatial vortex comes into view.
A rakshasa comes into view. It is wielding a +0 long sword.
A spatial vortex comes into view.
The spatial maelstrom hits you.
* * * LOW HITPOINT WARNING * * *
You blink.
A starcursed mass comes into view.
The starcursed mass shrieks in your mind.
* * * LOW HITPOINT WARNING * * *
A neqoxec and a starcursed mass come into view.
The neqoxec gestures at you.
Something tries to feed on your intellect!
A starcursed mass splits.
A starcursed mass splits.
A chorus of shrieks assaults your mind.
You die...

#..X#..#.
#..#..#.# #
#....#.###
#..#..#....##
##.......#..#
#####.##.# #
##.#.### ...
#.#....#....#
##..#@....#
#.#.#...#...
..#..#.##....
..#..#..# ...
#.#XX.# #..
.. # 3#.. ##
.#.. .#.


You could see 2 starcursed masses and a neqoxec.

Vanquished Creatures
  A spriggan skeleton (Abyss:1)
  A thrashing horror (Abyss:1)
  A sixfirhy (Abyss:1)
  A deep elf pyromancer (D:9)
  A rust devil (Abyss:1)
  Maggie (D:7)
  Prince Ribbit (D:7)
  A hornet (D:9)
  A shadow (D:9)
  A yak (D:9)
  A steam dragon (D:9)
  Menkaure (D:5)
  Edmund (D:5)
  2 wargs (D:9)
  2 water moccasins
  2 ice beasts (D:7)
  2 orc warriors
  A sky beast (D:7)
  4 centaurs
  2 ogres (D:7)
  2 phantoms
  4 kobold brigands
  Blork the orc (D:5)
  A gnoll sergeant (D:9)
  A necrophage (D:6)
  4 scorpions
  3 small abominations (Abyss:1)
  9 wights
  6 killer bees (D:5)
  3 howler monkeys (D:9)
  4 hounds
  3 jellies
  5 orc priests
  Crazy Yiuf (D:7)
  2 gnoll boudas (D:7)
  2 iguanas
  8 orc wizards
  19 gnolls
  9 adders
  A white imp (D:7)
  2 ufetubi
  A worm (D:2)
  The ghost of drugrobin the Sneak, a weakling DgDe (D:5)
  4 dart slugs
  24 orcs
  12 endoplasms
  3 giant cockroaches
  5 goblins
  7 hobgoblins
  6 jackals
  14 kobolds
  A quokka (D:1)
  8 ball pythons
  3 bats
  2 frilled lizards
  8 rats
217 creatures vanquished.

Vanquished Creatures (others)
  2 plants (D:9)
  2 starspawn tentacles (Abyss:1)
4 creatures vanquished.

Grand Total: 221 creatures vanquished

Notes
Turn   | Place    | Note
-------+----------+-------------------------------------------
     0 | D:1      | ryw the Gargoyle Fighter began the quest for the Orb.
     0 | D:1      | Reached XP level 1. HP: 14/14 MP: 1/1
    71 | D:1      | Reached skill level 2 in Axes
    71 | D:1      | Reached XP level 2. HP: 17/19 MP: 2/2
   177 | D:1      | Found Uqas's Weapon Boutique.
   204 | D:1      | Found Bothop's Book Emporium.
   239 | D:1      | Found Kafocuv's Assorted Antiques.
   299 | D:1      | Found Lihyo's General Store.
   375 | D:1      | Reached XP level 3. HP: 16/23 MP: 3/3
   699 | D:2      | Reached XP level 4. HP: 18/29 MP: 4/4
   715 | D:2      | Identified the +6 spear "Qoolunain" {drain, *Corrode rF+
                  | Str+3}
   873 | D:2      | Found a faded altar of an unknown god.
   879 | D:2      | Reached skill level 3 in Axes
  1078 | D:2      | Reached XP level 5. HP: 33/33 MP: 5/5
  1618 | D:3      | Identified the +10 trident of Symmetry {elec, rElec rN+
                  | Str+3 Int+3}
  1875 | D:3      | Got the Papyrus of Polar Accomplices
  2120 | D:4      | Found a staircase to the Ecumenical Temple.
  2129 | Temple   | Entered the Ecumenical Temple
  2442 | Temple   | Became a worshipper of Zin the Law-Giver
  2442 | Temple   | Reached * piety under Zin
  2480 | D:4      | Reached skill level 1 in Polearms
  2480 | D:4      | Reached skill level 1 in Dodging
  2480 | D:4      | Reached XP level 6. HP: 36/38 MP: 6/6
  3270 | D:4      | Noticed an orc warrior
  3428 | D:4      | Found the +1 Delatra's gloves {ID++}
  3498 | D:5      | Entered Level 5 of the Dungeon
  3505 | D:5      | Reached XP level 7. HP: 44/44 MP: 7/7
  3661 | D:5      | Noticed Blork the orc
  3664 | D:5      | Killed Blork the orc
  3665 | D:5      | Reached skill level 5 in Fighting
  3665 | D:5      | Reached skill level 5 in Armour
  3665 | D:5      | Reached skill level 5 in Shields
  3690 | D:5      | Noticed Menkaure
  3696 | D:5      | Killed Menkaure
  3798 | D:5      | Reached XP level 8. HP: 35/50 MP: 8/8
  3913 | D:5      | Noticed Edmund
  3938 | D:5      | Killed Edmund
  3991 | D:5      | Noticed drugrobin's ghost (weakling DgDe)
  3994 | D:5      | Found a runed translucent door.
  4190 | D:6      | Found Uffeg's Weapon Boutique.
  4246 | D:6      | Reached ** piety under Zin
  4262 | D:6      | Identified a scroll of acquirement
  4262 | D:6      | Acquired 794 gold pieces
  4263 | D:6      | Reached *** piety under Zin
  4263 | D:6      | Reached **** piety under Zin
  4387 | D:1      | Bought a +6 broad axe of flaming for 548 gold pieces
  4632 | D:5      | Killed drugrobin's ghost
  4760 | D:6      | Reached skill level 4 in Axes
  4760 | D:6      | Reached XP level 9. HP: 56/56 MP: 9/9
  4988 | D:6      | Reached skill level 5 in Axes
  5350 | D:7      | Reached skill level 6 in Axes
  5363 | D:7      | Reached skill level 1 in Throwing
  5470 | D:7      | Noticed Prince Ribbit
  5471 | D:7      | Noticed Maggie
  5497 | D:7      | Killed Maggie
  5498 | D:7      | Reached skill level 7 in Axes
  5521 | D:7      | Killed Prince Ribbit
  5541 | D:7      | Reached skill level 8 in Axes
  5560 | D:7      | Reached XP level 10. HP: 34/61 MP: 10/10
  6092 | D:7      | Reached skill level 1 in Invocations
  6185 | D:7      | Found a runed translucent door.
  6186 | D:7      | Noticed Crazy Yiuf
  6438 | D:7      | Killed Crazy Yiuf
  6497 | D:8      | You fall into a shaft and drop 1 floor!
  6558 | D:9      | Reached skill level 9 in Axes
  6615 | D:9      | Noticed a deep elf pyromancer
  6717 | D:9      | Killed a deep elf pyromancer
  6802 | D:9      | Found a staircase to the Lair.
  7028 | D:9      | Found an opulent altar of Gozag.
  7063 | D:9      | Reached ***** piety under Zin
  7316 | D:9      | Noticed Erolcha
  7324 | Abyss:1  | Cast into level 1 of the Abyss (Erolcha)
  7425 | Abyss:1  | Found a corrupted altar of Lugonu.
  7501 | Abyss:1  | Noticed a red ugly thing
  7502 | Abyss:1  | Noticed a red very ugly thing
  7523 | Abyss:1  | Noticed a great orb of eyes
  7525 | Abyss:1  | Noticed a thrashing horror
  7526 | Abyss:1  | Paralysed by a great orb of eyes for 4 turns
  7532 | Abyss:1  | Found a corrupted altar of Lugonu.
  7549 | Abyss:1  | Noticed a vampire mage
  7570 | Abyss:1  | Found a corrupted altar of Lugonu.
  7593 | Abyss:1  | Noticed a rust devil
  7598 | Abyss:1  | Killed a rust devil
  7599 | Abyss:1  | Reached skill level 10 in Axes
  7680 | Abyss:1  | Found a corrupted altar of Lugonu.
  7685 | Abyss:1  | Found a corrupted altar of Lugonu.
  7685 | Abyss:1  | Found a corrupted altar of Lugonu.
  7688 | Abyss:1  | Found a corrupted altar of Lugonu.
  7689 | Abyss:1  | Noticed a thrashing horror
  7699 | Abyss:1  | Killed a thrashing horror
  7700 | Abyss:1  | Reached XP level 11. HP: 67/67 MP: 12/14
  7709 | Abyss:1  | Noticed a wretched star
  7711 | Abyss:1  | Noticed a large abomination
  7711 | Abyss:1  | Noticed a tentacled starspawn
  7723 | Abyss:1  | Noticed a starcursed mass
  7831 | Abyss:1  | Noticed an angel
  7944 | Abyss:1  | Noticed a sixfirhy
  7971 | Abyss:1  | Killed a sixfirhy
  8047 | Abyss:1  | Reached skill level 5 in Invocations
  8084 | Abyss:1  | Noticed a yellow draconian annihilator
  8085 | Abyss:1  | Noticed a sixfirhy
  8098 | Abyss:1  | Noticed a spatial maelstrom
  8155 | Abyss:1  | Found a corrupted altar of Lugonu.
  8159 | Abyss:1  | Found a corrupted altar of Lugonu.
  8159 | Abyss:1  | Noticed a bone dragon
  8159 | Abyss:1  | Found a corrupted altar of Lugonu.
  8177 | Abyss:1  | Noticed a rakshasa
  8181 | Abyss:1  | Noticed a starcursed mass
  8184 | Abyss:1  | Noticed a starcursed mass
  8186 | Abyss:1  | Killed from afar by a starcursed mass

Illustrated notes

Levels and vault maps discovered:
D:1:      minmay_arrival_open_corners, layout_rooms, serial_shops,
          nicolae_square_shop, shop, nicolae_shop_bloodbath_and_beyond, shop,
          minmay_pentomino_v4
D:2:      layout_loops_cross, ebering_ecumenical_altar_rust,
          minmay_misc_feat_room
D:3:      layout_loops_ring
D:4:      layout_basic, minmay_temple_entry_crystal_x, pf_guarded_unrand_delatra
D:5:      layout_rooms, hellmonk_ghost_happy_afterlife, uniq_edmund,
          uniq_menkaure, uniq_blork_the_orc
D:6:      layout_rooms, serial_shops, nicolae_shop_stone
D:7:      layout_basic, kennysheep_generic_room_6, uniq_crazy_yiuf_cottage,
          uniq_maggie, uniq_prince_ribbit1
D:8:      layout_cave_pools, marbit_many_paths
D:9:      layout_long_grid, nicolae_gozag_seed_capital,
          erik_lair_orcish_takeover, minmay_chambers_of_fives, uniq_erolcha
Temple:   hc_temple_tempest_star
Abyss:1:  base:
Temple

Skill      XL: |  1  2  3  4  5  6  7  8  9 10 11 |
---------------+----------------------------------+-----
Axes           | 2 3 4 8 10 | 10.4
Armour         | 4 5 6 7 |  7.5
Shields        | 4 5 6 7 |  7.5
Fighting       | 4 5 6 7 |  7.4
Polearms       | 1 2 3 |  3.9
Dodging        | 1 2 |  2.0
Throwing       | 2 |  2.0
Invocations    | 4 5 |  5.0

Action                   |  1- 3 |  4- 6 |  7- 9 | 10-12 || total
-------------------------+-------+-------+-------+-------++-------
Melee: War axe           |    69 |    86 |       |       ||   155
       Trident           |       |    65 |    89 |       ||   154
       Broad axe         |       |       |   123 |   183 ||   306
Throw: Dart              |       |       |     9 |       ||     9
Invok: Recite            |       |     2 |     5 |    10 ||    17
       Vitalisation      |       |       |       |     5 ||     5
       Imprison          |       |       |       |     1 ||     1
  Use: Scroll            |     3 |     7 |     8 |     6 ||    24
       Potion            |       |       |     1 |     9 ||    10
 Stab: Invisible         |       |       |       |     3 ||     3
       Confused          |       |       |       |     1 ||     1
Armor: Scale mail        |    45 |    33 |       |       ||    78
       Plate armour      |       |    29 |    34 |       ||    63
       Chain mail        |       |       |    63 |   138 ||   201
Dodge: Dodged            |    35 |   111 |   129 |   120 ||   395
Block: Buckler           |    11 |    35 |    69 |     5 ||   120
       Kite shield       |       |       |       |    92 ||    92

Table legend: (Time is in decaauts)
 A = Elapsed time spent in this place.
 B = Non-inter-level travel time spent in this place.
 C = Inter-level travel time spent in this place.
 D = Time resting spent in this place.
 E = Time spent auto-exploring this place.
 F = Levels seen in this place.
 G = Mean time per level.
                   A        B        C        D        E       F      G
               +--------+--------+--------+--------+--------+-----+--------+
         Total |   8392 |   7875 |    517 |    927 |   4623 |  11 |  762.9 |
       Dungeon |   7151 |   6717 |    434 |    625 |   4347 |   9 |  794.6 |
        Temple |    381 |    298 |     83 |      0 |    276 |   1 |  381.0 |
         Abyss |    859 |    859 |      0 |    302 |      0 |   1 |  859.0 |
               +--------+--------+--------+--------+--------+-----+--------+

Top non-repeatable levels by time:
     D:7: 1332 daAuts
     D:4: 1248 daAuts
     D:2: 906 daAuts
 Abyss:1: 859 daAuts
     D:9: 845 daAuts
     D:5: 782 daAuts
     D:3: 762 daAuts
     D:6: 653 daAuts
     D:1: 617 daAuts
  Temple: 381 daAuts
     D:8: 1 daAuts
